 Seeded DCSS version 0.30.1-4-g462c640d31 (webtiles) character file.

Game seed: 920673320228942481 (custom seed)

3 CarvArkoylaein the Shield-Bearer (level 1, 23/23 HPs)
             Began as a Gnoll Fighter on Sept 8, 2023.
             Quit the game on level 1 of the Dungeon.
             The game lasted 00:02:33 (112 turns).

CarvArkoylaein the Shield-Bearer (Gnoll Fighter)     Turns: 112, Time: 00:02:33

Health: 23/23      AC:  7    Str: 15    XL:     1   Next: 50%
Magic:  1/1        EV:  9    Int:  7    God:
Gold:   558        SH:  5    Dex: 11    Spells: 0/0 levels left

rFire   . . .        a - +0 war axe
rCold   . . .        c - +0 buckler
rNeg    . . .        b - +0 scale mail
rPois   .            (no helmet)
rElec   .            (no cloak)
rCorr   .            (no gloves)
SInv    .            (no boots)
Will    .....        (no amulet) Stlth
                     (no ring)
HPRegen 0.23/turn    (no ring)
MPRegen 0.07/turn

%: clarity
@: studying Long Blades
A: fangs 1, strong nose, distributed training, clarity, evolution 1
a: no special abilities


You were on level 1 of the Dungeon.
You visited 1 branch of the dungeon, and saw 1 of its levels.

You collected 558 gold pieces.

Inventory:

Hand Weapons
 a - a +0 war axe (weapon)
Armour
 b - a +0 scale mail (worn)
 c - a +0 buckler (worn)
 e - a +2 cloak of poison resistance
Potions
 d - a potion of might


   Skills:
 + Level 6.4 Fighting
 + Level 0.0 Short Blades
 + Level 0.0 Long Blades
 + Level 4.4 Axes
 + Level 0.0 Maces & Flails
 + Level 0.0 Polearms
 + Level 0.0 Staves
 + Level 0.0 Ranged Weapons
 + Level 0.0 Throwing
 + Level 6.4 Armour
 + Level 0.0 Dodging
 + Level 0.0 Stealth
 + Level 6.4 Shields
 + Level 0.0 Unarmed Combat
 + Level 0.0 Spellcasting
 + Level 0.0 Conjurations
 + Level 0.0 Hexes
 + Level 0.0 Summonings
 + Level 0.0 Necromancy
 + Level 0.0 Translocations
 + Level 0.0 Transmutations
 + Level 0.0 Fire Magic
 + Level 0.0 Ice Magic
 + Level 0.0 Air Magic
 + Level 0.0 Earth Magic
 + Level 0.0 Poison Magic
 + Level 0.1 Invocations
 + Level 0.0 Evocations


You couldn't memorise any spells.
You didn't know any spells.
Your spell library was empty.

Dungeon Overview and Level Annotations

Branches:
Dungeon (1/15)

Altars:


Innate Abilities, Weirdness & Mutations

You have very sharp teeth.
Your uncanny sense of smell can sniff out nearby items.
Your experience applies equally to all skills.
You possess an exceptional clarity of mind.
You have hidden genetic potential.


Message History

You slash the dart slug!
You kill the dart slug!
HP restored.
As you open the door, it creaks loudly!
Found a spear.
Found 9 stones.
There is an open door here.
Found a fizzy ruby potion.
e - a fizzy ruby potion
There is an open door here.
Found 4 gold pieces.
You now have 4 gold pieces.
It was a potion of mutation.
You feel extremely strange.
You feel a hidden potential growing inside you.
Your thoughts seem clearer.
You open the door.
There is an open door here.
A ball python comes into view.
The ball python hisses angrily.
You block the ball python's attack. The ball python barely misses you.
You hit the ball python.
The ball python is moderately wounded.
The ball python closely misses you. x2
You hit the ball python.
You kill the ball python!
Found a stone staircase leading down.
You open the door.
Found 13 gold pieces.
Found 3 scrolls labelled NOEDYA EDEF.
There is an open door here.
Found a hand axe.
e - 3 scrolls labelled NOEDYA EDEF This is a scroll of acquirement!
You see here a manual of Long Blades.
Something appears at your feet! Something appears at your feet!
Something appears at your feet!
e - a +2 cloak of poison resistance You pick up a manual of Long Blades and begin studying.
You now have 558 gold pieces (gained 554).
Are you sure you want to abandon this character and quit the game? (Confirm with "yes".)

####### ... #.....# ..#.
#.....# ....####.....#
#...........# ...###.#
#...#.# ##+#$#.#.#####.#
####### #....#..@......)
......#.#.....#.######.#
...##.#.#...#....#
....#.#.##'#####..#
......#.##.######..#
....###.##........>#
###.###..............
#.#.....###########
#.#.....#


There were no monsters in sight!

Vanquished Creatures
  A dart slug (D:1)
  A ball python (D:1)
2 creatures vanquished.

Notes
Turn   | Place    | Note
-------+----------+-------------------------------------------
     0 | D:1      | CarvArkoylaein the Gnoll Fighter began the quest for the
                  | Orb.
     0 | D:1      | Reached XP level 1. HP: 23/23 MP: 1/1
    46 | D:1      | Gained mutation: You have hidden genetic potential. [potion
                  | of mutation]
    46 | D:1      | Gained mutation: You possess an exceptional clarity of
                  | mind. [potion of mutation]
   103 | D:1      | Identified 3 scrolls of acquirement
   103 | D:1      | Acquired a manual of Long Blades
   104 | D:1      | Acquired 554 gold pieces
   105 | D:1      | Acquired a +2 cloak of poison resistance
   112 | D:1      | Quit the game

Illustrated notes

Levels and vault maps discovered:
D:1:      dpeg_arrival_orchard, layout_basic

Action                     || total
---------------------------++-------
  Melee: War axe           ||     3
    Use: Scroll            ||     3
         Potion            ||     1
  Dodge: Dodged            ||     4
  Block: Buckler           ||     1
